 Dungeon Crawl Stone Soup version 0.28-b1-25-g9875b3fc8c (webtiles) character file.

Game seed: 3645886007089762786

91 ZappyNine the Sneak (level 4, -1/28 HPs)
             Began as a Kobold Brigand on Jan 31, 2022.
             Slain by a goblin (2 damage)
             ... led by Robin
             ... on level 2 of the Dungeon.
             The game lasted 00:01:57 (2030 turns).

ZappyNine the Sneak (Kobold Brigand)                Turns: 2030, Time: 00:01:58

Health: -1/28      AC:  3    Str:  8    XL:     4   Next: 87%
Magic:  4/4        EV: 14    Int: 12    God:
Gold:   26         SH:  0    Dex: 18    Spells: 3/3 levels left

rFire   . . .      SeeInvis .   a - +2 dagger
rCold   . . .      Faith    .   (no shield)
rNeg    . . .      Spirit   .   b - +0 robe
rPois   .          Reflect  .   (no helmet)
rElec   .          Harm     .   c - +0 cloak
rCorr   .          Rampage  .   (no gloves)
Will    .....                   (no boots)
Stlth   +++++.....              (no amulet)
HPRegen 0.09/turn               (no ring)
MPRegen 0.09/turn               (no ring)

@: no status effects
A: small, no large weapons, nightstalker 3
a: no special abilities


You were on level 2 of the Dungeon.
You visited 1 branch of the dungeon, and saw 2 of its levels.

You collected 26 gold pieces.

Inventory:

Hand Weapons
 a - a +2 dagger (weapon)
Missiles
 d - 7 poisoned darts
 e - a curare-tipped dart (quivered)
 i - 2 atropa-tipped darts
Armour
 b - a +0 robe (worn)
 c - a +0 cloak (worn)
Scrolls
 f - 2 scrolls of immolation
 g - 3 scrolls of summoning {unknown}
 h - a scroll of torment {unknown}
 j - a scroll of acquirement {unknown}
 k - a scroll of vulnerability {unknown}
 l - a scroll of identify {unknown}


   Skills:
 + Level 3.3 Fighting
 + Level 2.9 Short Blades
 - Level 2.1 Throwing
 - Level 1.2 Dodging
 * Level 7.2 Stealth


You had 3 spell levels left.
You didn't know any spells.
Your spell library contained the following spells:

 Spells                   Type           Power      Damage    Failure   Level
 Blink                    Tloc           0%         N/A       45%         2
 Ensorcelled Hibernation  Hex/Ice        0%         N/A       45%         2
 Lesser Beckoning         Tloc           0%         N/A       69%         3
 Portal Projectile        Hex/Tloc       0%         N/A       69%         3
 Spider Form              Tmut/Pois      0%         N/A       69%         3
 Stone Arrow              Conj/Erth      0%         3d7       69%         3
 Anguish                  Hex/Necr       0%         N/A       97%         4
 Animate Armour           Summ/Erth      0%         N/A       97%         4
 Blade Hands              Tmut           0%         N/A       100%        5
 Excruciating Wounds      Necr           0%         N/A       100%        5
 Manifold Assault         Tloc           0%         N/A       100%        5
 Lehudib's Crystal Spear  Conj/Erth      0%         10d2      100%        8


Dungeon Overview and Level Annotations

Branches:
Dungeon (2/15)

Altars:
Uskayaw


Innate Abilities, Weirdness & Mutations

You are small and have problems with some larger weapons.
You are completely attuned to the shadows.


Message History

Unknown command.
You hit Robin.
Robin is moderately wounded.
The goblin shoots a stone.
The stone hits you. Robin closely misses you.
You closely miss Robin.
Robin is moderately wounded.
The goblin shoots a stone.
The stone hits you.
You hit Robin.
Robin is heavily wounded.
Robin drinks a potion.
Robin is healed!
You barely miss Robin. Robin hits you with a +0 dagger.
You hit Robin.
Robin is moderately wounded.
The goblin shoots a stone.
The stone hits you.
* * * LOW HITPOINT WARNING * * *
Robin misses you.
You hit Robin. Your punch misses Robin.
Robin is heavily wounded.
The goblin shoots a stone.
The stone barely misses you.
Robin flexes a bicep menacingly.
Robin hits you with a +0 dagger.
* * * LOW HITPOINT WARNING * * *
Unknown command.
Unknown command.
Throw: 2 darts (curare)
Press: ? - help, Q - select action, (/) - cycle Shift-Dir - straight line, f/p - Robin
Aim: Robin, wielding a +0 dagger, wearing a +0 animal skin and wearing a +0 helmet (heavily wounded, poisoned, 70% to hit)
You throw a curare-tipped dart. The curare-tipped dart hits Robin.
Robin looks even sicker.
Robin convulses.
You kill Robin!
The goblin shoots a stone.
The stone barely misses you.
Unknown command.
The goblin shoots a stone.
The stone closely misses you.
Items here: (( ) [[.
The goblin shoots a stone.
The stone hits you.
* * * LOW HITPOINT WARNING * * *
The goblin unwields a +0 hunting sling.
The goblin wields a +0 club.
The goblin hits you with a +0 club.
You die...

.#..##.## ####....
....#...## #.......
.....###.#####.##..##
.##..# #.............
.....###.#####.##....
###.>)..## #.##....
.####(.#########.###...
.......# #.....#.###.##
######@# #<.......##
#g# #...<.....# #g#
#........## #.#
#.....#.## #####.#
######### #.g...#
#####)##### #..gg.#
#.g).g#


You could see a hobgoblin and a goblin (strong).

Vanquished Creatures
  Jessica (D:2)
  Robin (D:2)
  An adder (D:2)
  A worm (D:2)
  A dart slug (D:1)
  6 endoplasms
  A giant cockroach (D:2)
  8 goblins
  A hobgoblin (D:2)
  2 jackals (D:1)
  3 quokkas
  4 ball pythons (D:1)
  4 bats
  2 kobolds
  4 rats
40 creatures vanquished.

Vanquished Creatures (others)
  6 plants (D:1)
6 creatures vanquished.

Grand Total: 46 creatures vanquished

Notes
Turn   | Place    | Note
-------+----------+-------------------------------------------
     0 | D:1      | ZappyNine the Kobold Brigand began the quest for the Orb.
     0 | D:1      | Reached XP level 1. HP: 12/12 MP: 1/1
   262 | D:1      | Reached XP level 2. HP: 8/18 MP: 2/2
   501 | D:1      | Reached skill level 6 in Stealth
  1022 | D:1      | Reached XP level 3. HP: 22/22 MP: 3/3
  1051 | D:1      | Found a faded altar of an unknown god.
  1686 | D:2      | Noticed Jessica
  1690 | D:2      | Killed Jessica
  1691 | D:2      | Reached skill level 7 in Stealth
  1691 | D:2      | Reached XP level 4. HP: 28/28 MP: 4/4
  1955 | D:2      | Found a hide-covered altar of Uskayaw.
  1957 | D:2      | Noticed Robin
  2027 | D:2      | Killed Robin
  2029 | D:2      | HP: 1/28 [goblin/stone[Robin] (6)]
  2030 | D:2      | Slain by a goblin

Illustrated notes

Levels and vault maps discovered:
D:1:      minmay_arrival_split_and_join, layout_basic, serial_bayou,
          serial_bayou_pond_a, serial_bayou_pond_c, serial_bayou_lagoon_a,
          serial_bayou_crossing, hellmonk_ecumenical_altar_blasted
D:2:      layout_loops_cross, basic_altar, uniq_crazy_yiuf_cottage, uniq_robin,
          uniq_jessica

Skill      XL: |  1  2  3 |
---------------+----------+-----
Stealth        | 6 7 |  7.2
Fighting       | 3 |  3.3
Short Blades   | |  2.9
Throwing       | |  2.1
Dodging        | |  1.2

Action                   |  1- 3 |  4- 6 || total
-------------------------+-------+-------++-------
Melee: Dagger            |    94 |    56 ||   150
       Punch             |     2 |       ||     2
Throw: Dart              |       |     2 ||     2
 Stab: Sleeping          |     8 |     5 ||    13
       Distracted        |     1 |       ||     1
Armor: Robe              |    18 |    13 ||    31
Dodge: Dodged            |    61 |    40 ||   101
